 Dungeon Crawl Stone Soup version 0.29.1-15-g9cfb28693d (webtiles) character file.

Game seed: 13094007300839164044

10 monsoonserge the Sneak (level 2, 0/29 HPs)
             Began as a Troll Delver on Apr 27, 2023.
             Slain by an orc
             ... wielding a +0 hand axe of pain
              (5 damage)
             ... on level 6 of the Dungeon.
             The game lasted 00:02:00 (161 turns).

monsoonserge the Sneak (Troll Delver)                Turns: 161, Time: 00:02:00

Health: 0/29       AC:  4    Str: 19    XL:     2   Next: 10%
Magic:  1/1        EV:  9    Int:  6    God:
Gold:   0          SH:  0    Dex: 11    Spells: 1/1 levels left

rFire   . . .      SeeInvis .   a - +0 mace
rCold   . . .      Faith    .   (no shield)
rNeg    . . .      Spirit   .   b - +0 robe
rPois   .          Reflect  .   (helmet restricted)
rElec   .          Harm     .   (no cloak)
rCorr   .          Rampage  .   (gloves unavailable)
Will    .....                   (boots unavailable)
Stlth   ++........              (no amulet)
HPRegen 0.89/turn               (no ring)
MPRegen 0.07/turn               (no ring)

@: no status effects
A: large, unfitting armour, claws 3, regeneration 1, shaggy fur 1, tough skin 1
a: no special abilities


You were on level 6 of the Dungeon.
You visited 1 branch of the dungeon, and saw 2 of its levels.

Inventory:

Hand Weapons
 a - a +0 mace (weapon)
Armour
 b - a +0 robe (worn)
Wands
 g - a wand of digging (3)
Scrolls
 c - a scroll of fog
 e - a scroll of fear
 h - a scroll of immolation {unknown}
Potions
 f - a potion of haste


   Skills:
 + Level 2.5 Fighting
 + Level 1.9 Maces & Flails
 + Level 1.6 Dodging
 - Level 3.0 Stealth


You had one spell level left.
You didn't know any spells.
Your spell library contained the following spells:

 Spells                   Type           Power      Damage    Failure   Level
 Static Discharge         Conj/Air       0%         3-3/arc   58%         2
 Dispel Undead            Necr           0%         3d6       99%         4
 Sticky Flame             Conj/Fire      0%         2d3       99%         4


Dungeon Overview and Level Annotations

Branches:
Dungeon (6/15)
 Temple: D:4-7

Altars:

Annotations:
D:5 Dowan


Innate Abilities, Weirdness & Mutations

You are too large for most types of armour.
You have claws for hands.
Your natural rate of healing is unusually fast.
You are covered in fur. (AC +1)
You have tough skin. (AC +1)


Message History

The orc barely misses you.
You hit the orc but do no damage. You hit the orc.
The orc is moderately wounded.
The orc closely misses you.
A hound comes into view.
The hound barks!
You thump the orc!
You kill the orc!
The orc hits you with a +0 flail.
* * * LOW HITPOINT WARNING * * *
The orc closely misses you.
You have reached level 2!
You hit the orc.
The orc is almost dead.
The orc hits you with a +0 flail.
* * * LOW HITPOINT WARNING * * *
You sock the orc!
You kill the orc!
Training target 3.0 for Stealth reached!
Your Stealth skill increases to level 3!
An orc comes into view. It is wielding a +0 hand axe of pain.
The hound bites you.
* * * LOW HITPOINT WARNING * * *
The hound bites you but does no damage.
Things that are here:
a +0 flail; an orc corpse Unknown command.
You closely miss the hound.
The orc shouts!
The hound barely misses you. The hound bites you but does no damage.
You closely miss the hound. The hound bites you but does no damage.
The hound bites you.
* * * LOW HITPOINT WARNING * * *
You miss the hound. The hound misses you.
The hound bites you but does no damage.
You miss the hound. The hound misses you. The hound bites you.
* * * LOW HITPOINT WARNING * * *
The orc hits you with a +0 hand axe of pain.
You die...

**,,,,,,,,,,****,,
***,,,,,,,,**,,,*
*,,#,.,,,,,,***
*,.#..****,,,,, *.....*
****** ########### *#...*,*
***
#.[.......####..#.#.*******,,
#..<........#h......,,,,,,,,,
#.........#)@o......,,,,,,*,,
######..............,,,,,,,,,
#....##........,,,,,,,,,
#....##........,,,,,,,**
#..............,,,,,,,**
#..#..#........,,,,,,,,*
#....#..#......,,,,,,,,,
#..............,,,,,,,**
*,,,,**,*,,**,,,,,,,,,**


You could see a hound and an orc.

Vanquished Creatures
  5 orcs (D:6)
5 creatures vanquished.

Notes
Turn   | Place    | Note
-------+----------+-------------------------------------------
     0 | D:5      | monsoonserge the Troll Delver began the quest for the Orb.
     0 | D:5      | Reached XP level 1. HP: 22/22 MP: 0/0
    61 | D:5      | Noticed a centaur
   120 | D:5      | Noticed Dowan
   124 | D:5      | Noticed an ice beast
   153 | D:6      | Noticed a hound
   155 | D:6      | Reached XP level 2. HP: 4/29 MP: 1/1
   157 | D:6      | Reached skill level 3 in Stealth
   161 | D:6      | Slain by an orc

Illustrated notes

Levels and vault maps discovered:
D:5:      layout_basic, minmay_temple_entry_glass,
          minmay_misc_feat_four_crosses, uniq_ijyb, uniq_duvessa
D:6:      layout_rooms, minivault_19, hangedman_abyss_or_decor_lesser_grid,
          dreamdust_princess_corridor, uniq_grinder

Skill      XL: |  1  2 |
---------------+-------+-----
Stealth        | 3 |  3.0
Fighting       | |  2.5
Maces & Flails | |  1.9
Dodging        | |  1.6

Action                   || total
-------------------------++-------
Melee: Mace              ||    19
  Use: Scroll            ||     1
Armor: Robe              ||     5
Dodge: Dodged            ||    13
